 Dungeon Crawl Stone Soup version 0.27-a0-1191-g601b473118 (webtiles) character file.

Game seed: 10015869648177489826

19 senseless the Skirmisher (level 2, -2/24 HPs)
             Began as a Demonspawn Monk on May 24, 2021.
             Was a Priest of Jiyva.
             Slain by an adder (4 damage)
             ... on level 2 of the Dungeon.
             The game lasted 00:02:05 (781 turns).

senseless the Skirmisher (Demonspawn Monk)           Turns: 781, Time: 00:02:06

Health: -2/24      AC:  2    Str: 11    XL:     2   Next: 55%
Magic:  2/2        EV: 13    Int: 11    God:    Jiyva [***...]
Gold:   20         SH:  0    Dex: 15    Spells: 1/1 levels left

rFire    + . .     SeeInvis .     - Unarmed
rCold    . . .     Faith    .   (no shield)
rNeg     . . .     Spirit   .   a - +0 robe
rPois    .         Reflect  .   (helmet restricted)
rElec    .         Harm     .   (no cloak)
rCorr    +         Rampage  .   (no gloves)
Will     .....                  (no boots)
Stlth    ++........             (no amulet)
HPRegen  0.08/turn              (no ring)
MPRegen  0.08/turn              (no ring)

@: no status effects
A: horns 1, fire resistance 1, high mp 1
a: Renounce Religion, Request Jelly


You were on level 2 of the Dungeon.
You worshipped Jiyva.
Jiyva was most pleased with you.
You visited 1 branch of the dungeon, and saw 2 of its levels.

You collected 20 gold pieces.

Inventory:

Armour
 a - a +0 robe (worn)
Scrolls
 b - a scroll of identify {unknown}
 c - a scroll of blinking {unknown}
 e - a scroll of amnesia {unknown}


   Skills:
 * Level 3.5 Fighting
 + Level 2.9 Dodging
 - Level 1.7 Stealth
 + Level 2.9 Unarmed Combat


You had one spell level left.
You didn't know any spells.
Your spell library was empty.

Dungeon Overview and Level Annotations

Branches:
Dungeon (2/15)

Altars:
Jiyva


Innate Abilities, Weirdness & Mutations

You have a pair of small horns on your head.
Your flesh is heat resistant. (rF+)
You have an increased reservoir of magic. (+10% MP)


Message History

You are poisoned.
The adder poisons you!
You closely miss the adder. You headbutt the adder.
The adder is moderately wounded.
You feel sick. The adder barely misses you.
You hear a distant slurping noise.
Jiyva appreciates your sacrifice. The adder barely misses you.
You hit the adder but do no damage.
The adder is moderately wounded.
You feel sick. The adder bites you.
You hit the adder but do no damage.
The adder is moderately wounded.
You feel sick. The adder barely misses you.
You barely miss the adder.
The adder is moderately wounded.
You feel sick. The adder barely misses you.
You closely miss the adder. You headbutt the adder.
The adder is moderately wounded.
You feel sick.
You are no longer poisoned.
The adder bites you. x2
You are poisoned.
The adder poisons you!
You feel sick.
The goblin shouts!
You hear an angry hiss.
It was a potion of mutation.
You feel extremely strange.
You feel resistant to heat.
You feel more energetic.
You feel sick.
A jackal comes into view.
The adder closely misses you.
You feel sick.
An adder comes into view.
There is a stone staircase leading up here.
You feel sick.
You are no longer poisoned.
The adder bites you.
* * * LOW HITPOINT WARNING * * *
The adder bites you.
You die...

... ..### ###..
...... #.....
....#. ..#>..
......
......###......
............###
#..............
####.##S.....##
#@.....#
.............#
#####g#......#
#..#......# ...
...(...# #..#
(......# ##.
#......# S
.......#


You could see 2 adders and a goblin.

Vanquished Creatures
  A dart slug (D:1)
  A ball python (D:1)
  2 bats (D:1)
  2 giant cockroaches (D:1)
  A goblin (D:1)
  5 hobgoblins
  A frilled lizard (D:1)
  A kobold (D:1)
  A rat (D:1)
15 creatures vanquished.

Vanquished Creatures (others)
  An endoplasm (D:2)
  A kobold (D:2)
2 creatures vanquished.

Grand Total: 17 creatures vanquished

Notes
Turn   | Place    | Note
-------+----------+-------------------------------------------
     0 | D:1      | senseless the Demonspawn Monk began the quest for the Orb.
     0 | D:1      | Reached XP level 1. HP: 18/18 MP: 1/1
   354 | D:1      | Gained mutation: You have a pair of small horns on your
                  | head. [demonic ancestry]
   354 | D:1      | Reached XP level 2. HP: 20/24 MP: 2/2
   530 | D:1      | Found a faded altar of an unknown god.
   542 | D:1      | Became a worshipper of Jiyva Jeecw the Shapeless
   542 | D:1      | Reached * piety under Jiyva
   542 | D:1      | Reached ** piety under Jiyva
   571 | D:1      | Reached *** piety under Jiyva
   779 | D:2      | Gained mutation: Your flesh is heat resistant. (rF+)
                  | [potion of mutation]
   779 | D:2      | Gained mutation: You have an increased reservoir of magic.
                  | (+10% MP) [potion of mutation]
   781 | D:2      | Slain by an adder

Illustrated notes

Levels and vault maps discovered:
D:1:      eino_arrival_tree_alley, layout_rooms,
          shapermc_ecumenical_altar_starsandcircs,
          chequers_serial_rivers_micro_e
D:2:      minmay_diamond_boxcup, layout_rooms, minmay_pentomino_t4

Action                   || total
-------------------------++-------
Melee: Unarmed           ||    61
       Headbutt          ||     5
       Punch             ||     1
  Use: Potion            ||     1
 Stab: Sleeping          ||     2
Armor: Robe              ||    11
Dodge: Dodged            ||    46

Table legend: (Time is in decaauts)
 A = Elapsed time spent in this place.
 B = Non-inter-level travel time spent in this place.
 C = Inter-level travel time spent in this place.
 D = Time resting spent in this place.
 E = Time spent auto-exploring this place.
 F = Levels seen in this place.
 G = Mean time per level.
                   A        B        C        D        E       F      G
               +--------+--------+--------+--------+--------+-----+--------+
         Total |    779 |    760 |     19 |      0 |    645 |   2 |  389.5 |
       Dungeon |    779 |    760 |     19 |      0 |    645 |   2 |  389.5 |
               +--------+--------+--------+--------+--------+-----+--------+

Top non-repeatable levels by time:
     D:1: 764 daAuts
     D:2: 15 daAuts
